 Dungeon Sprint DCSS version 0.29-a0-359-g541a27f54d (webtiles) character file.

Game seed: 8974316848386725923

2240 Zeldest the Grappler (level 9, -10/115 HPs)
             Began as a Demonspawn Transmuter on Apr 28, 2022.
             Was an Initiate of Jiyva.
             Shot with an arrow by a centaur warrior (15 damage)
             ... in the Dungeon (Sprint IX: "|||||||||||||||||||||||||||||").
             The game lasted 00:01:46 (160 turns).

Zeldest the Grappler (Demonspawn Transmuter)         Turns: 160, Time: 00:01:47

Health: -10/115    AC: 24    Str: 14    XL:     9   Next: 14%
Magic:  12/12      EV:  2    Int: 16    God:    Jiyva [......]
Gold:   0          SH:  0    Dex: 19    Spells: 11/12 levels left

rFire   . . .      SeeInvis .     - Unarmed
rCold   . . .      Faith    .   (no shield)
rNeg    . . .      Spirit   .   (body armour currently unavailable)
rPois   +          Reflect  .   (helmet currently unavailable)
rElec   .          Harm     .   (cloak currently unavailable)
rCorr   .          Rampage  .   (gloves currently unavailable)
Will    .....      NoTele   +   (boots currently unavailable)
Stlth   ++........              (no amulet)
HPRegen 0.29/turn               l - +3 ring of dexterity
MPRegen 0.13/turn               m - +3 ring of dexterity

@: tree-form
A: stationary, stasis, torment immunity, boosted hp, (claws 1), foul stench 1,
(spiny 2), (sanguine armour 1)
a: Renounce Religion


You were in the Dungeon.
You worshipped Jiyva.
Jiyva was noncommittal.
You were a tree.
You visited 1 branch

Inventory:

Armour
 a - a +0 robe (melded)
 k - a +0 cloak (melded)
Jewellery
 l - a +3 ring of dexterity (left branch)
 m - a +3 ring of dexterity (right branch)
Wands
 j - a wand of iceblast (9)
Scrolls
 h - a scroll of blinking
 i - 2 scrolls of amnesia
Potions
 c - 5 potions of curing
 e - a potion of haste
 f - 4 potions of magic


   Skills:
 + Level 9.5 Fighting
 + Level 8.9 Dodging
 * Level 12.4 Unarmed Combat
 - Level 2.0 Spellcasting
 + Level 8.9 Transmutations


You had 11 spell levels left.
You knew the following spells:

 Your Spells              Type           Power      Damage    Failure   Level
a - Beastly Appendage     Tmut           60%        N/A       1%          1

Your spell library contained the following spells:

 Spells                   Type           Power      Damage    Failure   Level
 Wereblood                Tmut           30%        N/A       1%          2
 Spider Form              Tmut/Pois      15%        N/A       10%         3
 Ice Form                 Ice/Tmut       15%        N/A       32%         4


Dungeon Overview and Level Annotations

Branches:
Dungeon (1/1)

Altars:
Cheibriados
Dithmenos
Elyvilon
Fedhas
Gozag
Hepliaklqana
Kikubaaqudgha
Makhleb
Nemelex Xobeh
Okawaru
Qazlal
Ru
Sif Muna
Trog
Uskayaw
Vehumet
Wu Jian
Xom
Yredelemnul
Zin
The Shining One
Beogh
Jiyva
Lugonu


Innate Abilities, Weirdness & Mutations

You are a tree.
Your roots penetrate the ground, keeping you stationary.
You cannot be teleported.
You are immune to unholy pain and torment.
Your maximum health is greatly increased.
Your equipment is partially melded.
((You have sharp fingernails.))
You may rarely emit foul miasma when damaged in melee.
((You are mostly covered in sharp spines.))
((When seriously injured, your blood forms armour. (AC +0)))


Message History

The skeletal warrior completely misses you.
You smack the skeletal warrior!
The skeletal warrior is lightly damaged.
The skeletal warrior hits you with a +0 glaive!
* * * LOW HITPOINT WARNING * * *
You pummel the skeletal warrior!!
The skeletal warrior is heavily damaged.
The skeletal warrior hits you but does no damage.
You hit the skeletal warrior but do no damage.
You punch the skeletal warrior.
The skeletal warrior is heavily damaged.
You smack the skeletal warrior!
The skeletal warrior is severely damaged.
The skeletal warrior hits you but does no damage.
You smack the skeletal warrior!
The skeletal warrior is almost destroyed.
The skeletal warrior hits you but does no damage.
You pummel the skeletal warrior!!
You destroy the skeletal warrior!
The centaur warrior wields a +0 shortbow.
The centaur warrior shoots an arrow.
The arrow hits you!
* * * LOW HITPOINT WARNING * * *
Your Fighting skill increases to level 9!
Your Unarmed Combat skill increases to level 12!
You have reached level 9!
Your experience leads to an increase in your attributes!
Your base attributes are Str 12, Int 16, Dex 13.
Increase (S)trength, (I)ntelligence, or (D)exterity?
You feel stronger. x2; Your demonic ancestry asserts itself...
Sharp spines emerge from more of your body.
Aiming: Iceblast
Press: ? - help, Shift-Dir - straight line, f - centaur warrior
Aim: a centaur warrior, wielding a +0 shortbow The mass of ice explodes!
The iceblast engulfs the centaur warrior!
The centaur warrior is moderately wounded.
The iceblast engulfs the boulder beetle.
The boulder beetle is lightly wounded.
The centaur warrior shoots an arrow.
The arrow hits you!
You die...

▓.▓
▓.▓
▓.▓
▓.▓
▓'▓
▓B▓
▓c▓
▓)▓
▓♣▓
▓.▓
▓.▓
▓+▓


You could see a boulder beetle and a centaur warrior.

Vanquished Creatures
  A two-headed ogre (D)
  A skeletal warrior (D)
  2 gargoyles (D)
  A wraith (D)
  A yak (D)
  An ogre (D)
  A phantom (D)
  A hound (D)
  An orc wizard (D)
  An adder (D)
  A white imp (D)
  A dart slug (D)
  A ball python (D)
  An endoplasm (D)
  A hobgoblin (D)
  A goblin (D)
17 creatures vanquished.

Vanquished Creatures (others)
  A glowing orange brain (shapeshifter) (D)
  A wizard (D)
  A troll (D)
  4 slime creatures (D)
  A wraith (D)
  A jelly (D)
9 creatures vanquished.

Grand Total: 26 creatures vanquished

Notes
Turn   | Place    | Note
-------+----------+-------------------------------------------
     0 | D        | Zeldest the Demonspawn Transmuter began the quest for the
                  | Orb.
     0 | D        | Reached XP level 1. HP: 15/15 MP: 3/3
     9 | D        | Reached skill level 3 in Unarmed Combat
    23 | D        | Noticed a phantom
    23 | D        | Noticed a hound
    23 | D        | Noticed an ogre
    27 | D        | Killed a phantom
    28 | D        | Reached skill level 5 in Unarmed Combat
    28 | D        | Gained mutation: You have sharp fingernails. [demonic
                  | ancestry]
    28 | D        | Reached XP level 2. HP: 25/25 MP: 3/5
    28 | D        | Gained mutation: When seriously injured, your blood forms
                  | armour. (AC +0) [demonic ancestry]
    28 | D        | Reached XP level 3. HP: 30/30 MP: 3/6
    28 | D        | Reached XP level 4. HP: 37/37 MP: 3/7
    32 | D        | Reached skill level 6 in Unarmed Combat
    35 | D        | Killed an ogre
    36 | D        | Reached skill level 5 in Fighting
    36 | D        | Reached skill level 7 in Unarmed Combat
    36 | D        | Gained mutation: You may rarely emit foul miasma when
                  | damaged in melee. [demonic ancestry]
    36 | D        | Reached XP level 5. HP: 43/44 MP: 3/8
    38 | D        | Reached skill level 5 in Transmutations
    39 | D        | Reached skill level 5 in Dodging
    44 | D        | Found a snail-covered altar of Cheibriados.
    44 | D        | Found a shadowy altar of Dithmenos.
    44 | D        | Found a blossoming altar of Fedhas.
    44 | D        | Found an opulent altar of Gozag.
    45 | D        | Found a hazy altar of Hepliaklqana.
    46 | D        | Found a viscous altar of Jiyva.
    47 | D        | Found an ancient bone altar of Kikubaaqudgha.
    48 | D        | Found a corrupted altar of Lugonu.
    49 | D        | Found a burning altar of Makhleb.
    50 | D        | Found a sparkling altar of Nemelex Xobeh.
    51 | D        | Found an iron altar of Okawaru.
    52 | D        | Found a stormy altar of Qazlal.
    53 | D        | Found a sacrificial altar of Ru.
    54 | D        | Became a worshipper of Jiyva Jafoum the Shapeless
    55 | D        | Found a shimmering blue altar of Sif Muna.
    55 | D        | Killed a slime creature
    55 | D        | Killed a slime creature
    56 | D        | Found a bloodstained altar of Trog.
    56 | D        | Killed a troll
    57 | D        | Found a hide-covered altar of Uskayaw.
    58 | D        | Found a radiant altar of Vehumet.
    58 | D        | Killed a wraith
    59 | D        | Found an ornate altar of the Wu Jian Council.
    59 | D        | Killed a wizard
    60 | D        | Found a shimmering altar of Xom.
    60 | D        | Killed a slime creature
    61 | D        | Found a basalt altar of Yredelemnul.
    61 | D        | Killed a glowing orange brain
    67 | D        | Killed a slime creature
    94 | D        | Noticed a gargoyle
    94 | D        | Noticed a wraith
    94 | D        | Noticed a yak
    94 | D        | Noticed a two-headed ogre
    94 | D        | Noticed a gargoyle
   105 | D        | Killed a gargoyle
   106 | D        | Reached skill level 9 in Unarmed Combat
   106 | D        | Gained mutation: You are partially covered in sharp spines.
                  | [demonic ancestry]
   106 | D        | Reached XP level 6. HP: 28/53 MP: 9/9
   112 | D        | Killed a wraith
   113 | D        | Reached XP level 7. HP: 33/60 MP: 10/10
   117 | D        | Killed a yak
   118 | D        | Reached skill level 10 in Unarmed Combat
   124 | D        | Killed a two-headed ogre
   125 | D        | Reached skill level 11 in Unarmed Combat
   125 | D        | Reached XP level 8. HP: 36/69 MP: 9/11
   134 | D        | Killed a gargoyle
   145 | D        | Noticed a boulder beetle
   145 | D        | Noticed a centaur warrior
   145 | D        | Noticed a skeletal warrior
   159 | D        | Killed a skeletal warrior
   159 | D        | HP: 4/105 [centaur warrior/arrow (17)]
   160 | D        | Reached skill level 12 in Unarmed Combat
   160 | D        | Gained mutation: You are mostly covered in sharp spines.
                  | [demonic ancestry]
   160 | D        | Reached XP level 9. HP: 4/77 MP: 12/12
   160 | D        | Shot with an arrow by a centaur warrior

Illustrated notes

Levels and vault maps discovered:
D:        linesprint [early_d, line_temple, items_1, d_10, items_2, lair_1,
          lair_end, items_3, orc_1, orc_end, items_4, d_15, swamp_1, shoals_1,
          snake_1, spider_1, d_20, vaults_1, items_5, swamp_end, shoals_end,
          snake_end, spider_end, vaults_end, d_27, items_6, zot_1, zot_end,
          crypt_end, forest_end, elf_end, slime_end, tomb_end, abyss_end,
          pan_hell_end]

Skill      XL: |  1  2  3  4  5  6  7  8 |
---------------+-------------------------+-----
Dodging        | 3 4 6 7 8 |  8.9
Unarmed Combat | 5 7 9 11 12 | 12.4
Transmutations | 3 4 6 8 |  8.9
Fighting       | 3 5 6 7 8 9 |  9.5
Spellcasting   | |  2.0

Action                   |  1- 3 |  4- 6 |  7- 9 || total
-------------------------+-------+-------+-------++-------
Melee: Unarmed           |    14 |    28 |    32 ||    74
       Kick              |     3 |    10 |    14 ||    27
       Headbutt          |     2 |     6 |     8 ||    16
       Punch             |       |       |     1 ||     1
 Cast: Beastly Appendage |     2 |     1 |     1 ||     4
Evoke: Wand              |       |       |     1 ||     1
  Use: Potion            |     1 |     1 |     4 ||     6
       Scroll            |       |       |     1 ||     1
 Stab: Invisible         |       |     1 |       ||     1
Armor: Robe              |       |     1 |     3 ||     4
       Skin              |       |       |     3 ||     3
Dodge: Dodged            |     7 |    14 |    14 ||    35

Table legend: (Time is in decaauts)
 A = Elapsed time spent in this place.
 B = Non-inter-level travel time spent in this place.
 C = Inter-level travel time spent in this place.
 D = Time resting spent in this place.
 E = Time spent auto-exploring this place.
 F = Levels seen in this place.
 G = Mean time per level.
                   A        B        C        D        E       F      G
               +--------+--------+--------+--------+--------+-----+--------+
         Total |    155 |    155 |      0 |      0 |      0 |   1 |  155.0 |
       Dungeon |    155 |    155 |      0 |      0 |      0 |   1 |  155.0 |
               +--------+--------+--------+--------+--------+-----+--------+

Top non-repeatable levels by time:
       D: 155 daAuts
